 Dungeon Sprint DCSS version 0.29-a0-925-g0a7a3d12f8 (webtiles) character file.

Game seed: 7375057174819751034

1068 Hipnos the Fighter (level 8, 0/90 HPs)
             Began as a Gargoyle Berserker on July 28, 2022.
             Was a Priest of Trog.
             Engulfed by Roxanne's steam (6 damage)
             ... in the Dungeon (Sprint II: "The Violet Keep of Menkaure").
             The game lasted 00:04:29 (912 turns).

Hipnos the Fighter (Gargoyle Berserker)              Turns: 912, Time: 00:04:30

Health: 0/90       AC: 28    Str: 29    XL:     8   Next: 28%
Magic:  8/8        EV:  9    Int:  5    God:    Trog [***...]
Gold:   92         SH:  0    Dex:  9    Spells: 7/7 levels left

rFire   . . .      SeeInvis +   a - +0 mace
rCold   . . .      Faith    .   (no shield)
rNeg    + . .      Spirit   .   k - +6 plate armour "Xuxkarye" {rPois Int-3 SInv}
rPois   ∞          Reflect  .   i - +1 helmet
rElec   +          Harm     +   j - +0 cloak "Gemoagh" {Harm Str+6}
rCorr   .          Rampage  .   (no gloves)
Will    ++...      NoTele   +   (no boots)
Stlth   ..........              (no amulet)
HPRegen 1.25/turn               (no ring)
MPRegen 0.11/turn               (no ring)

@: berserking (expiring), strong-willed, regenerating, slow
A: sickness immunity, AC +5, negative energy resistance 1, electricity
resistance, torment resistance 1, petrification resistance
a: Renounce Religion, Berserk, Trog's Hand


You were in the Dungeon.
You worshipped Trog.
Trog was most pleased with you.
You visited 1 branch You collected 729 gold pieces.
You spent 637 gold pieces at shops.

Inventory:

Hand Weapons
 a - a +0 mace (weapon)
Armour
 b - a +0 animal skin
 i - a +1 helmet (worn)
 j - the +0 cloak "Gemoagh" (worn) {Harm Str+6}
   (You bought it in a shop in the Dungeon)

   Str:       It affects your strength (+6).
   Harm:      It increases damage dealt and taken.
 k - the +6 plate armour "Xuxkarye" (worn) {rPois Int-3 SInv}
   (You bought it in a shop in the Dungeon)

   Int:       It affects your intelligence (-3).
   rPois:     It protects you from poison.
   SInv:      It lets you see invisible.
Scrolls
 h - a scroll of blinking
Potions
 c - a potion of curing
 e - a potion of haste
 f - 2 potions of magic
 g - a potion of berserk rage


   Skills:
 + Level 12.0 Fighting
 + Level 11.4 Maces & Flails
 + Level 6.3 Armour
 + Level 6.1 Dodging
 + Level 1.7 Stealth


You had 7 spell levels left.
You didn't know any spells.
Your spell library was empty.

Dungeon Overview and Level Annotations

Branches:
Dungeon (1/1)

Altars:

Shops:
D =:![[[===((!:[?

Annotations:
D exclusions: ice statue and oklob plant, Roxanne


Innate Abilities, Weirdness & Mutations

You are immune to sickness and miasma.
Your stone body is resilient. (AC +5)
You are immune to poison.
You resist negative energy. (rN+)
You are resistant to electric shocks. (rElec)
You are resistant to unholy torment.
You are immune to petrification.


Message History

A red film seems to cover your vision as you go berserk!
You feel yourself moving faster!
You feel mighty!
Roxanne mumbles some strange words.
You blink.
Unknown command.
You enter the shallow water.
Moving in this stuff is going to be slow.
You feel a strong urge to attack something.
You hit Roxanne.
Roxanne is lightly damaged.
Your ogre hits Roxanne with a +0 giant spiked club!!!
You hit Roxanne but do no damage.
Roxanne is moderately damaged.
Your unstable footing causes you to fumble your attack.
Your ogre hits Roxanne with a +0 giant spiked club!
Roxanne casts a spell.
Your ogre blinks!
Your unstable footing causes you to fumble your attack.
Your unstable footing causes you to fumble your attack.
Your unstable footing causes you to fumble your attack.
Your ogre hits Roxanne with a +0 giant spiked club!
Your unstable footing causes you to fumble your attack.
You hit Roxanne.
Roxanne is heavily damaged.
Your ogre hits Roxanne with a +0 giant spiked club!
Your unstable footing causes you to fumble your attack.
Roxanne mumbles some strange words.
The bolt of magma hits you!!
* * * LOW HITPOINT WARNING * * *
You hit Roxanne but do no damage.
Roxanne is heavily damaged.
You are engulfed in a cloud of scalding steam.
Your ogre hits Roxanne with a +0 giant spiked club!!
Your unstable footing causes you to fumble your attack.
You are engulfed in a cloud of scalding steam.
* * * LOW HITPOINT WARNING * * *
You sock Roxanne!
Roxanne is almost destroyed.
You are engulfed in a cloud of scalding steam.
You die...
Hh# ##≈≈≈#..#..#≈≈§≈§§≈..≈#.
P!+

#'#≈##.#.##≈≈≈≈≈≈≈≈.≈#.
$.
#.#≈≈##+##≈≈≈≈≈§≈§≈≈≈#.
####≈≈≈≈≈≈≈§§≈§≈§§≈§≈#.
#+++#'§§#≈§≈§§≈≈≈≈#.
##.≈.§§§≈##≈≈≈###≈≈#
##≈§§§§§§§§##§§# ≈§
+.§§§O8§§≈§≈+§§#
##≈§§§§@§§§## ≈≈≈
##≈§§§§§§## ##
####+####


You could see Roxanne (ally target) and a friendly ogre (summoned, berserk).

Vanquished Creatures
  A merfolk siren (D)
  Menkaure (D)
  A water moccasin (D)
  4 necrophages (D)
  5 scorpions (D)
12 creatures vanquished.

Notes
Turn   | Place    | Note
-------+----------+-------------------------------------------
     0 | D        | Hipnos the Gargoyle Berserker began the quest for the Orb.
     0 | D        | Reached XP level 1. HP: 14/14 MP: 1/1
     1 | D        | Noticed a boulder beetle
     1 | D        | Noticed a boulder beetle
     5 | D        | Noticed a necrophage
     5 | D        | Noticed a necrophage
     5 | D        | Noticed a necrophage
     5 | D        | Noticed a necrophage
    10 | D        | Killed a necrophage
    11 | D        | Reached skill level 6 in Fighting
    11 | D        | Reached skill level 5 in Maces & Flails
    11 | D        | Reached XP level 2. HP: 21/22 MP: 2/2
    11 | D        | Reached XP level 3. HP: 26/27 MP: 3/3
    11 | D        | Reached XP level 4. HP: 31/32 MP: 4/4
    14 | D        | Killed a necrophage
    15 | D        | Reached skill level 7 in Fighting
    15 | D        | Reached XP level 5. HP: 37/38 MP: 5/5
    31 | D        | Reached ** piety under Trog
    32 | D        | Reached skill level 8 in Fighting
    45 | D        | Reached XP level 6. HP: 12/45 MP: 6/6
   260 | D        | Noticed a merfolk siren
   271 | D        | Killed a merfolk siren
   272 | D        | Reached skill level 10 in Fighting
   272 | D        | Reached skill level 10 in Maces & Flails
   272 | D        | Reached skill level 5 in Armour
   272 | D        | Reached skill level 5 in Dodging
   272 | D        | Reached XP level 7. HP: 26/53 MP: 7/7
   481 | D        | Reached *** piety under Trog
   482 | D        | Reached skill level 11 in Fighting
   487 | D        | Reached skill level 1 in Stealth
   556 | D        | Noticed an ice statue
   558 | D        | Noticed Menkaure
   573 | D        | Killed Menkaure
   573 | D        | Reached **** piety under Trog
   574 | D        | Reached XP level 8. HP: 33/60 MP: 8/8
   738 | D        | Identified Roxanne's Excursus on Earth
   738 | D        | Noticed Roxanne
   744 | D        | Found Tezxah's Magic Scroll Shop.
   745 | D        | Found Soakalej's Book Shop.
   745 | D        | Found Tasoneeb's Distillery.
   745 | D        | Found Wuimn's Armour Boutique.
   746 | D        | Found Feyxzuh's Jewellery Boutique.
   746 | D        | Found Ytsi's Jewellery Shop.
   769 | D        | Reached skill level 12 in Fighting
   840 | D        | Found Zuuxtau's Antique Weapon Shop.
   840 | D        | Found Dihical's Weapon Shop.
   841 | D        | Found Diukefid's Armour Boutique.
   841 | D        | Found Ovuizer's Antique Armour Boutique.
   841 | D        | Found Teraahia's Jewellery Boutique.
   841 | D        | Noticed a hell hog
   843 | D        | Found Sadeng's Antique Armour Shop.
   844 | D        | Found Hozar's Distillery.
   844 | D        | Noticed a hell hog
   844 | D        | Noticed an oklob plant
   844 | D        | Noticed a manticore
   844 | D        | Noticed a manticore
   845 | D        | Found Vush's Jewellery Boutique.
   845 | D        | Found Gaehamm's Book Shoppe.
   845 | D        | Noticed a manticore
   851 | D        | Bought a brightly glowing cloak for 161 gold pieces
   851 | D        | Identified the +0 cloak "Gemoagh" {Harm Str+6} (You bought
                  | it in a shop in the Dungeon)
   851 | D        | Bought a shimmering plate armour for 476 gold pieces
   851 | D        | Identified the +6 plate armour "Xuxkarye" {rPois Int-3
                  | SInv} (You bought it in a shop in the Dungeon)
   912 | D        | Engulfed by Roxanne's steam

Illustrated notes

Levels and vault maps discovered:
D:        the_violet_keep_of_menkaure [sprint2_stairs_cluster_1,
          sprint2_shoproom, sprint2_temple, sprint2_basic_supplies,
          sprint2_obstacle_6, sprint2_obstacle_1, sprint2_obstacle_2,
          sprint2_obstacle_5, sprint2_obstacle_3, sprint2_timed_cluster_1,
          sprint2_smallroom_cluster_1, sprint2_smallroom_final_cluster_1,
          sprint2_transparent_cluster_1, sprint2_second_timed_cluster_1,
          sprint2_sniper_area_1, sprint2_heavy_combat_area_1,
          sprint2_mutation_trap_area_1, sprint2_forest_area_1,
          sprint2_light_combat_area_1, sprint2_behind_water_1,
          sprint2_near_end_vault_1]

Skill      XL: |  1  2  3  4  5  6  7  8 |
---------------+-------------------------+-----
Fighting       | 6 7 8 10 11 12 | 12.0
Maces & Flails | 5 6 8 10 11 | 11.4
Armour         | 3 4 5 6 |  6.3
Dodging        | 2 3 5 6 |  6.1
Stealth        | 1 |  1.7

Action                   |  1- 3 |  4- 6 |  7- 9 || total
-------------------------+-------+-------+-------++-------
Melee: Mace              |     4 |    43 |    76 ||   123
Invok: Berserk           |     1 |     1 |     1 ||     3
       Trog's Hand       |       |       |     1 ||     1
       Brothers in Arms  |       |       |     1 ||     1
  Use: Potion            |       |       |     1 ||     1
Armor: Animal skin       |       |     7 |    10 ||    17
       Plate armour      |       |       |     2 ||     2
Dodge: Dodged            |       |    28 |    29 ||    57

Table legend: (Time is in decaauts)
 A = Elapsed time spent in this place.
 B = Non-inter-level travel time spent in this place.
 C = Inter-level travel time spent in this place.
 D = Time resting spent in this place.
 E = Time spent auto-exploring this place.
 F = Levels seen in this place.
 G = Mean time per level.
                   A        B        C        D        E       F      G
               +--------+--------+--------+--------+--------+-----+--------+
         Total |    936 |    936 |      0 |    641 |      0 |   1 |  936.0 |
       Dungeon |    936 |    936 |      0 |    641 |      0 |   1 |  936.0 |
               +--------+--------+--------+--------+--------+-----+--------+

Top non-repeatable levels by time:
       D: 936 daAuts
